 Dungeon Crawl Stone Soup version 0.31-a0-18-gea43df2a32 (webtiles) character file.

Game seed: 2376092135299211295

35 ShadowPriest the Cudgeller (level 3, -2/29 HPs)
             Began as a Human Berserker on May 11, 2023.
             Was a Follower of Trog.
             Slain by a gnoll
             ... wielding a +0 halberd
              (4 damage)
             ... on level 2 of the Dungeon.
             The game lasted 00:24:44 (1037 turns).

ShadowPriest the Cudgeller (Human Berserker)        Turns: 1037, Time: 00:24:45

Health: -2/29      AC: 11    Str: 19    XL:     3   Next: 55%
Magic:  3/3        EV:  6    Int: 13    God:    Trog [*.....]
Gold:   37         SH:  0    Dex: 12    Spells: 2/2 levels left

rFire   . . .        a - +0 mace
rCold   . . .        (no shield)
rNeg    . . .        f - +0 plate armour
rPois   .            (no helmet)
rElec   .            (no cloak)
rCorr   .            (no gloves)
SInv    .            (no boots)
Will    .....        (no amulet) Stlth
                     n - +6 ring of intelligence
HPRegen 0.24/turn    (no ring)
MPRegen 0.08/turn

%: no passive effects
@: no status effects
A: no striking features
a: Renounce Religion, Berserk


You were on level 2 of the Dungeon.
You worshipped Trog.
Trog was aware of your devotion.
You visited 1 branch of the dungeon, and saw 2 of its levels.

You collected 37 gold pieces.

Inventory:

Hand Weapons
 a - a +0 mace (weapon)
 e - a +0 dagger
 g - a +0 dagger
 i - a +0 dagger
 k - a +0 hand axe
 l - a +0 short sword
 m - a +0 whip
Missiles
 h - 13 stones (quivered)
Armour
 b - a +0 animal skin
 f - a +0 plate armour (worn)
 j - a +0 robe
Jewellery
 n - a +6 ring of intelligence (left hand)
Potions
 c - a potion of magic {unknown}
 d - a potion of degeneration {unknown}


   Skills:
 + Level 3.4 Fighting
 + Level 3.6 Maces & Flails
 + Level 2.3 Armour
 + Level 2.2 Dodging


You had 2 spell levels left.
You didn't know any spells.
Your spell library was empty.

Dungeon Overview and Level Annotations

Branches:
Dungeon (2/15)

Altars:

Shops:
D:1 :


Message History

Trog accepts your kill.
Things that are here:
a +0 whip; a kobold corpse
m - a +0 whip
Found an escape hatch in the floor.
There is an escape hatch in the floor here.
Found a stone staircase leading down.
Found a glowing silver ring.
n - a +6 ring of intelligence
There are no items here.
You feel clever.
n - a +6 ring of intelligence (left hand)
A gnoll comes into view. It is wielding a +0 halberd.
The gnoll shouts!
You hear a shout!
A gnoll comes into view. It is wielding a +0 halberd.
A gnoll comes into view. It is wielding a +0 halberd.
The gnoll shouts!
The gnoll hits you with a +0 halberd.
You hit the gnoll.
The gnoll is lightly wounded.
The gnoll hits you with a +0 halberd.
The gnoll hits you from afar with a +0 halberd!
You sock the gnoll!
The gnoll is severely wounded.
The gnoll barely misses you. The gnoll closely misses you.
You hit the gnoll.
You kill the gnoll!
Trog accepts your kill.
The gnoll hits you from afar with a +0 halberd.
The gnoll hits you with a +0 halberd.
The gnoll hits you from afar with a +0 halberd.
* * * LOW HITPOINT WARNING * * *
Things that are here:
a +0 halberd; a gnoll corpse You hit the gnoll.
The gnoll is lightly wounded.
The gnoll hits you with a +0 halberd.
* * * LOW HITPOINT WARNING * * *
The gnoll hits you from afar with a +0 halberd.
You die...

#.#
#.##.##.#............
#.#
#.##.##.#.##.........
#.#
#.......#.######.##.#
#.# ####.# #.##.# #.#
#.# #.##.. #.#####
#.# #.#### #.....#
..# #.#
#####.#############.#
... #.........@gg...#
###############.#


You could see 2 gnolls.

Vanquished Creatures
  A gnoll (D:2)
  5 ball pythons (D:1)
  3 bats (D:1)
  2 endoplasms (D:1)
  2 giant cockroaches (D:1)
  A goblin (D:1)
  A hobgoblin (D:1)
  2 jackals (D:1)
  3 kobolds
  2 frilled lizards (D:1)
  2 rats (D:1)
24 creatures vanquished.

Notes
Turn   | Place    | Note
-------+----------+-------------------------------------------
     0 | D:1      | ShadowPriest the Human Berserker began the quest for the
                  | Orb.
     0 | D:1      | Reached XP level 1. HP: 18/18 MP: 1/1
    91 | D:1      | Reached XP level 2. HP: 15/24 MP: 2/2
   340 | D:1      | Found Bitoshral's Book Shop.
   547 | D:1      | Reached XP level 3. HP: 29/29 MP: 3/3
  1037 | D:2      | Slain by a gnoll

Illustrated notes

Levels and vault maps discovered:
D:1:      onia_arrival_handbag, layout_loops_ring, serial_shops,
          nicolae_book_shop_shelving, chequers_serial_rivers_micro_b
D:2:      layout_loops_ring

Action                     || total
---------------------------++-------
  Melee: Mace              ||    64
 Invoke: Berserk           ||     1
    Use: Scroll            ||     5
   Stab: Sleeping          ||     2
 Armour: Animal skin       ||    13
         Plate armour      ||     7
  Dodge: Dodged            ||    32

Table legend: (Time is in decaauts)
 A = Elapsed time spent in this place.
 B = Non-inter-level travel time spent in this place.
 C = Inter-level travel time spent in this place.
 D = Time resting spent in this place.
 E = Time spent auto-exploring this place.
 F = Levels seen in this place.
 G = Mean time per level.
                   A        B        C        D        E       F      G
               +--------+--------+--------+--------+--------+-----+--------+
         Total |   1065 |    311 |    754 |      0 |      0 |   2 |  532.5 |
       Dungeon |   1065 |    311 |    754 |      0 |      0 |   2 |  532.5 |
               +--------+--------+--------+--------+--------+-----+--------+

Top non-repeatable levels by time:
     D:1: 879 daAuts
     D:2: 186 daAuts
